Match 42443137
Unlisted

Match 42443137
End
Construct Weapon Support Center
Engineer Squad
Selects Heavy Weapons
Bazooka Squad
Engineer Squad
M1919 Machine Gun Team
Mechanized Support Center
Selects Assault Carriers
M3 Assault Carrier
Engineer Squad
M3 Assault Carrier
M3 Assault Carrier
Selects Exchangeable Parts
Engineer Squad
Selects M2HB .50cal Heavy Machine Gun
Scout Squad
Construct Tank Depot
M4A1 Sherman Medium Tank
M4A1 Sherman Medium Tank
M4A1 76mm Conversion
Improvised Armor
Designate Forward Repair Station
M4A1(76) Sherman Medium Tank
M4A1(76) Sherman Medium Tank
Scooter
ForeheadRamsay
JBossch
j.sitterley
Fonty13
TTN COL KARL
Under Taker
Tyyrant
0
0

Comments sign in to comment!

No comments posted yet!